 Dungeon Crawl Stone Soup version 0.28.0-45-g0d030f2227 (webtiles) character file.

Game seed: 18250354638320481952

3602 CryoSword the Fighter (level 10, 29/71 (83) HPs)
             Began as a Formicid Fighter on Apr 13, 2022.
             Was an Initiate of Gozag.
             Quit the game on level 8 of the Dungeon.
             The game lasted 00:13:29 (11590 turns).

CryoSword the Fighter (Formicid Fighter)           Turns: 11590, Time: 00:13:29

HP:   29/71 (83)    AC: 10    Str: 24    XL:     10   Next: 32%
MP:   19/19         EV:  8    Int: 15    God:    Gozag
Gold: 356           SH:  5    Dex: 10    Spells: 9/9 levels left

rFire   . . .      SeeInvis +   a - +1 quarterstaff (vamp)
rCold   . . .      Faith    .   c - +0 buckler
rNeg    . . .      Spirit   .   p - +0 chain mail
rPois   .          Reflect  .   (helmet unavailable)
rElec   .          Harm     .   (no cloak)
rCorr   .          Rampage  .   (no gloves)
Will    +....                   (no boots)
Stlth   ..........              (no amulet)
HPRegen 0.21/turn               j - ring of magical power
MPRegen 0.16/turn               v - +6 ring of intelligence

@: lethally poisoned (29 -> -4), heavily drained
A: permanent stasis, dig shafts and tunnels, antennae 3, four strong arms
a: Dig, Shaft Self, Renounce Religion, Potion Petition, Call Merchant, Bribe
Branch


You were on level 8 of the Dungeon.
You worshipped Gozag.
Gozag was aware of your devotion.
You visited 2 branches of the dungeon, and saw 10 of its levels.

You collected 645 gold pieces.
You spent 182 gold pieces at shops.
You paid 107 gold pieces to Gozag.

Inventory:

Hand Weapons
 a - a +1 vampiric quarterstaff (weapon)
Missiles
 f - 31 poisoned darts (quivered)
 o - 11 boomerangs
 z - 4 javelins
Armour
 c - a +0 buckler (worn)
 p - a +0 chain mail (worn)
   (You took it off an orc on level 3 of the Dungeon)
 C - a +0 pair of gloves
   (You found it on level 8 of the Dungeon)
Jewellery
 j - a ring of magical power (left hand)
   (You found it on level 3 of the Dungeon)
 v - a +6 ring of intelligence (right hand)
   (You found it on level 6 of the Dungeon)
 w - a ring of flight
   (You found it on level 7 of the Dungeon)
Wands
 B - a wand of acid (7)
   (You found it on level 8 of the Dungeon)
Scrolls
 n - a scroll of summoning
 q - a scroll of acquirement {unknown}
 r - a scroll of magic mapping {unknown}
 t - 2 scrolls of enchant weapon
 u - a scroll of immolation {unknown}
 x - a scroll of noise {unknown}
 y - 2 scrolls of fear
 A - a scroll of fog
 D - 2 scrolls of enchant armour {unknown}
Potions
 b - 2 potions of flight
 d - 2 potions of might
 e - 2 potions of mutation {!q}
 g - 2 potions of magic
 i - a potion of cancellation
 l - 2 potions of attraction {!q}
 m - 3 potions of ambrosia


   Skills:
 * Level 9.4 Fighting
 * Level 8.5 Staves
 + Level 1.6 Throwing
 + Level 7.0 Armour
 + Level 7.7 Shields


You had 9 spell levels left.
You didn't know any spells.
Your spell library contained the following spells:

 Spells                   Type           Power      Damage    Failure   Level
 Summon Small Mammal      Summ           0%         N/A       89%         1
 Ensorcelled Hibernation  Hex/Ice        0%         N/A       96%         2
 Call Canine Familiar     Summ           0%         N/A       99%         3
 Spider Form              Tmut/Pois      0%         N/A       99%         3
 Summon Guardian Golem    Hex/Summ       0%         N/A       99%         3
 Anguish                  Hex/Necr       0%         N/A       100%        4


Dungeon Overview and Level Annotations

Branches:
Dungeon (9/15)             Temple (1/1) D:7
   Lair: D:8-11         Orc: D:9-12

Altars:
Ashenzari
Cheibriados
Gozag
Kikubaaqudgha
Makhleb
Ru
Trog
Uskayaw
Vehumet
Wu Jian
Xom
Yredelemnul
Zin

Shops:
D:5 *

Annotations:
D:9 Erica


Innate Abilities, Weirdness & Mutations

You cannot be hasted, slowed, berserked, paralysed or teleported.
You can dig through walls and to a lower floor.
You have a pair of large antennae on your head. (SInv)
Your four strong arms can wield two-handed weapons with a shield.


Message History

* * * LOW HITPOINT WARNING * * *
You feel drained.
The kobold brigand hits you with a +0 short sword.
* * * LOW HITPOINT WARNING * * *
The kobold completely misses you.
You barely miss the kobold brigand. The wight hits you with a +0 spear.
* * * LOW HITPOINT WARNING * * *
You feel drained. You block the kobold brigand's attack.
The wight hits you from afar with a +0 spear.
* * * LOW HITPOINT WARNING * * *
The kobold brigand hits you but does no damage.
You hit the kobold but do no damage. The kobold hits you but does no damage.
You are poisoned.
You feel sick.
You closely miss the kobold.
You feel sick. The kobold hits you but does no damage.
You are more poisoned.
The wight hits you but does no damage.
You completely miss the kobold.
You feel sick. You block the kobold's attack.
The wight hits you from afar with a +0 spear.
* * * LOW HITPOINT WARNING * * *
You feel drained.
* * * LOW HITPOINT WARNING * * *
* * * LOW HITPOINT WARNING * * *
You feel sick.
* * * LOW HITPOINT WARNING * * *
You feel sick.
You feel better. The kobold hits you but does no damage.
You are poisoned.
The wight closely misses you.
You feel much better.
You feel sick. The kobold hits you but does no damage.
You are more poisoned.
You block the wight's attack.
You hit the kobold.
You feel very sick.
The kobold hits you with a +2 dagger of venom.
You are more poisoned.
The wight hits you from afar with a +0 spear.
* * * LOW HITPOINT WARNING * * *
You feel drained.
* * * LOW HITPOINT WARNING * * *
Unknown command.
Unknown command.
You feel very sick.
You feel very sick.
You feel sick.
You hit the kobold.
You feel better.
You feel sick. You block the kobold's attack.
The wight hits you but does no damage.
You bludgeon the kobold!!
You feel better.
You kill the kobold!
You feel sick. You block the wight's attack.
You feel sick.
The kobold brigand is distracted by your dazzling golden aura.
The wight hits you but does no damage.
You feel sick.
The kobold brigand is no longer distracted by gold.
You block the wight's attack.
Things that are here:
4 gold pieces; a +2 dagger of venom You hit the wight.
You feel sick. The wight hits you with a +0 spear.
* * * LOW HITPOINT WARNING * * *
You closely miss the kobold brigand.
You feel sick.
The kobold brigand hits you but does no damage.
You block the wight's attack.
You closely miss the kobold brigand.
You feel sick.
The kobold brigand hits you with a +0 short sword.
* * * LOW HITPOINT WARNING * * *
You thump the kobold brigand!
You kill the kobold brigand!
You feel sick.
You are no longer poisoned.
You block the wight's attack.
You closely miss the wight. The wight hits you with a +0 spear.
* * * LOW HITPOINT WARNING * * *
You feel drained.
You barely miss the wight. The wight hits you with a +0 spear.
* * * LOW HITPOINT WARNING * * *
You hit the wight but do no damage. The wight hits you but does no damage.
You hit the wight but do no damage. The wight hits you with a +0 spear.
* * * LOW HITPOINT WARNING * * *
You sock the wight! The wight hits you but does no damage.
You barely miss the wight. You block the wight's attack.
You sock the wight!
You destroy the wight!
You now have 346 gold pieces (gained 6).
Things that are here:
a +0 spear; a +0 robe You now have 352 gold pieces (gained 6).
f - 31 poisoned darts (gained 8)
You see here a +0 short sword.
You now have 356 gold pieces (gained 4).
You see here a +2 dagger of venom.
Things that are here:
a +0 spear; a +0 robe You see here a +2 dagger of venom.
There is a stone staircase leading down, spattered with blood here.
You start resting.
You climb downwards.
Level annotation: Erica Erica shouts!
The acid dragon roars!
The killer bee buzzes angrily. x3
The orc warrior shouts!
The orc shouts!
The killer bee closely misses you. You block the killer bee's attack.
The killer bee barely misses you. You block the killer bee's attack.
Erica looks angry.
Erica gestures wildly while chanting.
Erica flickers and vanishes for a moment.
The killer bee stings you. The orc hits you but does no damage.
The killer bee stings you! x2
You are poisoned.
The killer bee poisons you! The killer bee stings you.
You are more poisoned.
The killer bee poisons you!
There is a stone staircase leading up, spattered with blood here.
You feel very sick. The killer bee stings you.
You are more poisoned.
The killer bee poisons you! You block the killer bee's attack. x2
The orc warrior hits you with a +0 war axe!
* * * LOW HITPOINT WARNING * * *
The orc closely misses you. The killer bee stings you.
* * * LOW HITPOINT WARNING * * *
You are lethally poisoned!
The killer bee poisons you!
The killer bee stings you but does no damage.
The killer bee stings you.
* * * LOW HITPOINT WARNING * * *
You climb upwards.
* * * LOW HITPOINT WARNING * * *
You feel extremely sick.
There is a stone staircase leading down, spattered with blood here.
Unknown command.
Unknown command.
Unknown command.
You feel much better.
You feel very sick. The killer bee stings you.
* * * LOW HITPOINT WARNING * * *
You are more poisoned.
The killer bee poisons you!
The killer bee stings you but does no damage. x2
The orc closely misses you. You block the orc warrior's attack.
The killer bee stings you.
* * * LOW HITPOINT WARNING * * *
You are lethally poisoned!
The killer bee poisons you! You block the killer bee's attack.
The killer bee closely misses you.
Unknown command.
Unknown command.
Okay, then.

....<............########..####
.......#...........## ##....###
............#..###))# #######....
.........#.....!###)# #.........#
................###.###..........
.|.....#.#................######.
##.......##[......#...#....## #.
#.....####....oy..##.#.....# #.
#.....# #.....@o.##.#....#####.
#.....####.....yy..#.....###.##.
#...............#..###..###...#.
#.....###..........###...#......
#.....# ##......................
#.....# #......#............>..
#.....# ###.#.####....>........
####### #.#...##.#...........
#..##.##.###.........


You could see an orc warrior, 3 killer bees and an orc.

Vanquished Creatures
  An unseen horror (D:7)
  Sigmund (D:2)
  A steam dragon (D:6)
  Menkaure (D:6)
  A water moccasin (D:5)
  A black bear (D:8)
  2 ice beasts
  A sky beast (D:6)
  4 ogres
  2 centaurs (D:7)
  A kobold brigand (D:8)
  3 bullfrogs
  A scorpion (D:5)
  A water moccasin skeleton (D:7)
  8 killer bees
  7 wights
  A howler monkey (D:5)
  A bullfrog zombie (D:5)
  3 hounds
  2 centaur zombies
  4 orc priests
  A gnoll shaman (D:8)
  2 jellies
  2 iguanas
  Natasha (twice) (D:2)
  3 orc wizards
  A hound skeleton (D:5)
  13 gnolls
  2 howler monkey skeletons (D:7)
  7 adders
  A shadow imp (D:6)
  2 white imps
  2 ufetubi
  An adder zombie (D:5)
  An adder skeleton (D:4)
  A worm (D:5)
  2 dart slugs
  27 orcs
  2 ball pythons
  4 bats
  7 endoplasms
  2 giant cockroaches
  5 goblins
  5 hobgoblins
  2 quokkas
  7 frilled lizards
  11 kobolds
  5 rats
167 creatures vanquished.

Notes
Turn   | Place    | Note
-------+----------+-------------------------------------------
     0 | D:1      | CryoSword the Formicid Fighter began the quest for the Orb.
     0 | D:1      | Reached XP level 1. HP: 18/18 MP: 1/1
    80 | D:1      | Reached XP level 2. HP: 24/24 MP: 2/2
   560 | D:2      | Reached XP level 3. HP: 29/29 MP: 3/3
   655 | D:2      | Reached XP level 4. HP: 35/37 MP: 4/4
   712 | D:2      | Noticed Sigmund
   727 | D:2      | Killed Sigmund
   728 | D:2      | Reached skill level 4 in Fighting
   728 | D:2      | Reached XP level 5. HP: 23/43 MP: 5/5
   728 | D:2      | Reached XP level 6. HP: 27/49 MP: 6/6
   999 | D:2      | Found a faded altar of an unknown god.
  1067 | D:2      | Noticed Natasha
  1078 | D:2      | Killed Natasha
  1175 | D:2      | Noticed Natasha
  1180 | D:2      | Killed Natasha
  1580 | D:3      | Reached skill level 5 in Fighting
  2369 | D:4      | Reached XP level 7. HP: 47/56 MP: 7/7
  2868 | D:4      | Reached skill level 5 in Shields
  3970 | D:5      | Entered Level 5 of the Dungeon
  3980 | D:5      | Identified the +0 robe of Filigreed Satisfaction {Str-5
                  | Dex+5}
  4088 | D:5      | Found Qizowk's General Store.
  4109 | D:5      | Bought a potion of flight for 42 gold pieces
  4109 | D:5      | Bought a scroll of identify for 28 gold pieces
  4109 | D:5      | Bought a scroll of identify for 28 gold pieces
  4227 | D:5      | Reached skill level 5 in Staves
  4540 | D:5      | Reached skill level 6 in Fighting
  4540 | D:5      | Reached XP level 8. HP: 43/64 MP: 8/8
  4719 | D:5      | Reached skill level 5 in Armour
  5745 | D:6      | HP: 3/65 [ogre/+0 giant spiked club (20)]
  6537 | D:6      | Reached skill level 7 in Fighting
  6765 | D:6      | Noticed Menkaure
  6775 | D:6      | Killed Menkaure
  6776 | D:6      | Reached XP level 9. HP: 10/72 MP: 9/9
  7613 | D:7      | Noticed an unseen horror
  7971 | D:7      | Reached skill level 8 in Fighting
  8640 | D:7      | Found a staircase to the Ecumenical Temple.
  8649 | Temple   | Entered the Ecumenical Temple
  8852 | Temple   | Became a worshipper of Gozag Ym Sagoz the Greedy
  9275 | D:7      | Killed an unseen horror
  9434 | D:6      | Reached XP level 10. HP: 25/80 MP: 10/10
  9849 | D:7      | Reached skill level 9 in Fighting
 10373 | D:5      | Bought 2 potions of curing for 84 gold pieces
 10602 | D:8      | Reached skill level 1 in Throwing
 10992 | D:8      | Found a broken altar of Ashenzari.
 10992 | D:8      | Found a basalt altar of Yredelemnul.
 11045 | D:9      | Noticed Erica
 11590 | D:8      | Quit the game

Illustrated notes

Levels and vault maps discovered:
D:1:      minmay_arrival_cross, layout_rooms, serial_bayou_pond_a,
          kennysheep_pointless_box, minmay_misc_feat_four_crosses
D:2:      layout_rooms, hellmonk_ecumenical_altar_slurped_away, uniq_sigmund,
          uniq_natasha
D:3:      layout_basic, minmay_box_of_dots
D:4:      layout_basic
D:5:      layout_loops_ring, hangedman_decor_growths, nicolae_stop_n_shop_2,
          minmay_circle_x
D:6:      layout_loops_ring, uniq_menkaure
D:7:      layout_rooms, minmay_temple_entry_proselytizer, grunt_ministairs_2,
          kennysheep_generic_room_7
D:8:      layout_rooms, chequers_temple_overflow_statue_of_worship,
          nicolae_straight_to_the_point
D:9:      layout_cave_pools, hiddenorc2_lemuel, st_stairs_12, wad_dig_loot,
          uniq_erica
Temple:   mainiacjoe_temple_big_plus

Skill      XL: |  1  2  3  4  5  6  7  8  9 10 |
---------------+-------------------------------+-----
Shields        | 4 5 6 7 |  7.7
Fighting       | 4 5 6 7 8 9 |  9.4
Staves         | 3 4 5 6 7 8 |  8.5
Armour         | 4 5 6 7 |  7.0
Throwing       | 1 |  1.6

Action                   |  1- 3 |  4- 6 |  7- 9 | 10-12 || total
-------------------------+-------+-------+-------+-------++-------
Melee: Quarterstaff      |    40 |   131 |   380 |   129 ||   680
Throw: Dart              |       |       |     5 |       ||     5
  Use: Potion            |       |     1 |     5 |     8 ||    14
       Scroll            |       |     5 |     6 |     5 ||    16
Armor: Scale mail        |    14 |    67 |    13 |       ||    94
       Chain mail        |       |       |   147 |    96 ||   243
       Skin              |       |       |    33 |       ||    33
Dodge: Dodged            |    19 |    56 |   123 |    67 ||   265
Block: Buckler           |     2 |    26 |    88 |    57 ||   173
